 Dungeon Crawl Stone Soup version 0.20-a0-941-gba1b1f9 (webtiles) character file.

116072 winWinterter the Severer (level 16, 0/131 HPs)
             Began as a Demonspawn Berserker on Mar 27, 2017.
             Was a High Priest of Trog.
             Slain by a manticore (9 damage)
             ... on level 2 of the Shoals on Mar 31, 2017.
             The game lasted 02:00:07 (28492 turns).

winWinterter the Severer (Demonspawn Berserker)    Turns: 28492, Time: 02:00:09

Health: 0/131      AC: 20    Str: 33    XL:     16   Next: 20%
Magic:  17/17      EV: 26    Int: 10    God:    Trog [*****.]
Gold:   782        SH:  6    Dex: 26    Spells: 15/15 levels left

rFire    . . .     SeeInvis .   P - +5 battleaxe (freeze)
rCold    + + .     Gourm    .   (shield currently unavailable)
rNeg     . . .     Faith    .   K - +1 plate armour "Alonihoxt" {*Corrode rC++ Str+3} (curse)
rPois    .         Spirit   .   (helmet restricted)
rElec    .         Reflect  +   N - +1 cloak
rCorr    .         Harm     .   A - +0 pair of fencer's gloves {+Riposte Dex+3}
MR       +....                  w - +0 pair of boots
Stlth    +.........             F - +6 amulet of reflection
Regen    0.4/turn               I - +5 ring of strength
MPRegen  0.2/turn               R - +5 ring of evasion

@: mighty, agile, lethally poisoned (0 -> -48), barbed spikes, slowed, very slow
A: hooves 1, horns 2, agile 1, nightstalker 2, powered by pain 2, sturdy frame 3
a: Berserk, Trog's Hand, Brothers in Arms, Burn Spellbooks, Renounce Religion


You were on level 2 of the Shoals.
You worshipped Trog.
Trog was extremely pleased with you.
You were hungry.

You visited 5 branches of the dungeon, and saw 26 of its levels.
You also visited: Labyrinth and Sewer.

You collected 2564 gold pieces.
You spent 1782 gold pieces at shops.

Inventory:

Hand Weapons
 o - a +2 executioner's axe of electrocution
 B - the +7 whip "Tigipah" {antimagic, +Inv rC+ MR+++ Int-5}
   (You found it on level 9 of the Dungeon)

   It reduces the magical energy of the wielder, and disrupts the spells and
   magical abilities of those hit.
   Natural abilities and divine invocations are not affected.
   It affects your intelligence (-5).
   It protects you from cold.
   It affects your resistance to hostile enchantments.
   It lets you turn invisible.
 P - a +5 battleaxe of freezing (weapon)
Missiles
 g - a tomahawk of returning (quivered)
 V - 6 javelins
 Z - 4 silver javelins
Armour
 n - a scarf of cold resistance
 w - a +0 pair of boots (worn)
 A - the +0 pair of fencer's gloves (worn) {+Riposte Dex+3}
   (You acquired it on level 4 of the Lair of Beasts)

   It affects your dexterity (+3).
 K - the cursed +1 plate armour "Alonihoxt" (worn) {*Corrode rC++ Str+3}
   (You bought it in a shop on level 2 of the Orcish Mines)

   It affects your strength (+3).
   It greatly protects you from cold.
   It may corrode you when you take damage.
   It has a curse placed upon it.
 N - a +1 cloak (worn)
Jewellery
 a - a +3 ring of protection
 p - an uncursed ring of fire
 t - an uncursed amulet of regeneration
 v - an uncursed ring of protection from magic
 F - a +6 amulet of reflection (around neck)
 I - a +5 ring of strength (left hand)
 R - a +5 ring of evasion (right hand)
Wands
 k - a wand of digging (12/24)
 z - a wand of acid (3/15)
 E - a wand of iceblast (6/15)
 H - a wand of disintegration (16/24)
 X - a wand of iceblast (1/15)
Scrolls
 e - 9 scrolls of remove curse
 f - 12 scrolls of teleportation
 h - 3 scrolls of enchant armour
 i - 6 scrolls of identify
 j - 3 scrolls of fog
 m - 7 scrolls of recharging
 r - 2 scrolls of blinking
 s - 4 scrolls of enchant weapon
 x - 4 scrolls of fear
 y - a scroll of brand weapon
 G - a scroll of magic mapping
 Y - a scroll of immolation
Potions
 b - a potion of lignification
 l - 3 potions of agility
 q - a potion of heal wounds
 u - a potion of cancellation
 C - 4 potions of ambrosia
 D - a potion of resistance
 J - a potion of berserk rage
 M - 5 potions of brilliance
 Q - 2 potions of haste
 S - 2 potions of might
 T - 3 potions of curing
 U - 4 potions of flight
Books
 O - a book of Battle

   Spells                             Type                      Level
   a - Infusion                       Charms                       1
   b - Shroud of Golubria             Charms/Translocation         2
   c - Song of Slaying                Charms                       2
   d - Spectral Weapon                Hexes/Charms                 3
   e - Regeneration                   Charms/Necromancy            3
   Trog disapproves of the use of such an item.
 W - a book of Spatial Translocations

   Spells                             Type                      Level
   a - Blink                          Translocation                2
   b - Shroud of Golubria             Charms/Translocation         2
   c - Lesser Beckoning               Translocation                3
   d - Gell's Gravitas                Translocation                3
   e - Teleport Other                 Translocation                3
   f - Passage of Golubria            Translocation                4
   Trog disapproves of the use of such an item.
Comestibles
 c - 14 bread rations
 d - 10 meat rations
 L - 2 chunks of flesh


   Skills:
 - Level 13.2 Fighting
 + Level 19.9 Axes
 - Level 1.0(13.5) Maces & Flails
 * Level 3.6 Throwing
 - Level 9.2 Armour
 + Level 6.9 Dodging
 - Level 1.3 Stealth
 + Level 1.5 Evocations


You had 15 spell levels left.
You didn't know any spells.

Dungeon Overview and Level Annotations

Branches:
Dungeon (15/15)            Temple (1/1) D:6            Lair (6/6) D:10
 Shoals (2/4) Lair:4        Snake (0/4) Lair:4        Slime (0/5) Lair:5
    Orc (2/2) D:12            Elf (0/3) Orc:2        Vaults (0/5) D:13
 Depths (0/5) D:15

Altars:
Ashenzari
Cheibriados
Dithmenos
Elyvilon
Fedhas
Gozag
Hepliaklqana
Kikubaaqudgha
Makhleb
Nemelex Xobeh
Okawaru
Qazlal
Ru
Sif Muna
Trog
Uskayaw
Vehumet
Wu Jian
Xom
Yredelemnul
Zin
The Shining One

Shops:
D:7 =   Orc:2 (![[[[=*


Innate Abilities, Weirdness & Mutations

You have a pair of horns on your head.
You are significantly more attuned to the shadows.
You sometimes gain power by taking damage.
Your movements are significantly less encumbered by armour. (ER -6)
You have large cloven feet.
You are agile. (Dex +2)


Message History

The snapping turtle's corpse dissolves into shadows!
The sea snake bites your ogre.
Your ogre looks as sick as possible!
The sea snake poisons your ogre!
The manticore flicks its tail.
The volley of spikes misses you. The merfolk misses you.
The manticore flicks its tail.
The volley of spikes reflects off an invisible shield around you!
The volley of spikes hits the manticore.
Your ogre closely misses the merfolk.
The merfolk misses you.
Your ogre misses the merfolk. You block the sea snake's attack.
You block the manticore's attack. The manticore completely misses you.
The manticore misses you. The merfolk misses you.
Unknown command.
You are no longer glowing.
Your ogre misses the merfolk. The sea snake bites you.
* * * LOW HITPOINT WARNING * * *
You are lethally poisoned!
The sea snake poisons you! The manticore bites you!
You die...

≈≈≈≈≈≈≈≈≈≈≈
..≈≈≈≈≈≈≈≈P≈≈
((.≈≈≈≈.≈≈....
(≈.).........##..
≈≈(mO)≈≈≈≈....#..≈≈P..
#(S(≈≈≈≈........≈.P
##@((≈.....##....≈≈
≈≈≈.H≈≈≈≈......#..≈≈≈≈
≈≈≈≈≈H≈≈≈.#......≈≈≈≈≈
≈≈..≈≈≈...#.≈≈≈≈).≈..≈
≈≈........≈≈≈≈...)...≈
≈≈.......≈≈≈≈>.####..≈
.###...≈≈≈(## ##.≈
.....≈≈..## #.≈
≈....≈≈≈..# #.≈


You could see a sea snake, a merfolk, 2 manticores and a friendly ogre
(berserk).

Vanquished Creatures
  Rupert (D:12)
  An orc warlord (Orc:2)
  The ghost of Malvoorn the Peltast, a journeyman GrFi of Hepliaklqana (Orc:2)
  The ghost of herpmino the Cleaver, a journeyman FoFi of Okawaru (Lair:4)
  A minotaur (Lab)
  3 catoblepae (Lair:6)
  6 hydras
  A centaur warrior (D:15)
  Erica (D:11)
  3 two-headed ogres (D:13)
  A satyr (Shoals:2)
  A tengu warrior (D:15)
  3 death yaks (Lair:6)
  5 orc high priests
  Urug (D:14)
  6 skeletal warriors
  A fire crab (shapeshifter) (D:14)
  The ghost of herpmino the Cleaver, a novice FoFi (D:14)
  4 sea snakes
  3 unseen horrors
  An orc knight (Orc:2)
  A necromancer (D:15)
  5 harpies (Shoals:1)
  2 fauns (Shoals:2)
  4 deep elf magi
  A wolf spider zombie (D:15)
  13 ugly things
  3 oklob plants (Lair:5)
  3 cyclopes
  6 manticores
  5 orc sorcerers (Orc:2)
  7 elephants
  Psyche (D:8)
  5 merfolk sirens
  2 centaur zombies
  9 black mambas
  2 frost giant skeletons (D:15)
  4 centaur skeletons
  2 gargoyles
  14 spiny frogs
  2 efreet (D:15)
  8 komodo dragons
  6 rime drakes
  2 kobold demonologists
  A tengu conjurer (D:15)
  4 polar bears
  6 merfolk
  3 trolls
  The ghost of Doomer the Gusty, an amateur NaAE (D:4)
  Prince Ribbit (D:6)
  15 slime creatures
  2 hornets (D:13)
  3 meliai (D:15)
  5 snapping turtles (Shoals:1)
  11 hippogriffs
  9 blink frogs
  A meliai zombie (D:13)
  Sigmund (D:4)
  4 vampires
  A redback (Lab)
  8 wyverns
  2 water elementals (D:14)
  51 yaks
  A spriggan (shapeshifter) (D:14)
  9 basilisks
  An elf zombie (D:15)
  A hungry ghost (D:15)
  6 fire bats
  A hog (shapeshifter) (D:15)
  Eustachio (D:6)
  2 steam dragons
  6 vampire mosquitoes
  Menkaure (D:6)
  3 wargs
  12 water moccasins
  A hell hound (D:11)
  4 acid dragons
  9 porcupines
  A hornet zombie (D:14)
  A black bear (shapeshifter) (D:15)
  An eye of draining (D:10)
  7 phantoms
  20 orc warriors
  5 sky beasts
  2 black bears
  12 ogres
  The ghost of Graouh the Covered, an amateur MiFi (D:3)
  9 ice beasts
  A boggart (D:14)
  17 crocodiles
  11 centaurs
  A wyvern zombie (D:13)
  5 big kobolds
  17 bullfrogs
  A gnoll sergeant (D:12)
  A wyvern skeleton (D:11)
  8 scorpions
  A hornet simulacrum (D:9)
  9 killer bees (D:10)
  5 wights (D:15)
  6 electric eels
  8 crimson imps
  5 howler monkeys
  3 lava snakes
  3 quasits (D:13)
  A wyvern simulacrum (D:9)
  2 bullfrog skeletons
  10 hounds
  4 jellies
  21 orc priests
  Crazy Yiuf (D:6)
  19 orc wizards
  4 hell rats (Lair:3)
  2 iguanas
  Natasha (thrice) (D:4)
  9 worker ants
  A killer bee zombie (D:10)
  A centaur simulacrum (D:9)
  A hound skeleton (D:7)
  Robin (D:2)
  A killer bee simulacrum (D:9)
  3 worker ant zombies
  2 howler monkey skeletons
  6 gnolls
  22 adders
  3 river rats (Lair:3)
  4 shadow imps
  4 white imps (D:9)
  18 oozes
  An adder skeleton (D:8)
  4 dart slugs
  19 leopard geckos
  56 orcs
  11 giant cockroaches
  15 goblins
  14 hobgoblins
  16 jackals
  20 kobolds
  5 quokkas
  9 ball pythons
  4 bats
  17 frilled lizards
  2 leopard gecko skeletons
  A quokka skeleton (D:4)
  12 rats
  A fire vortex (D:11)
  7 fungi (Lair:4)
  17 plants
875 creatures vanquished.

Vanquished Creatures (collateral kills)
  Nessos (Lair:6)
  3 hydras
  A merfolk avatar (Shoals:1)
  3 death yaks
  A vampire mage (D:15)
  2 orc knights (Orc:2)
  A manticore (Lair:6)
  5 elephants
  Joseph (D:8)
  A water nymph (Shoals:1)
  A spiny frog (Lair:1)
  6 rime drakes (Lair:4)
  A polar bear (D:9)
  A spriggan zombie (D:15)
  2 hippogriffs (Lair:4)
  2 fire bats (Lair:3)
  3 basilisks (Lair:4)
  4 wyverns (Lair:4)
  2 fire elementals (Lair:3)
  7 yaks
  A water moccasin (Lair:4)
  A porcupine (Lair:4)
  3 orc warriors
53 creatures vanquished.

Vanquished Creatures (others)
  A centaur (Shoals:1)
  A jelly (D:15)
  2 bushes (Lair:6)
  17 fungi
  11 plants
  2 withered plants (D:15)
34 creatures vanquished.

Grand Total: 962 creatures vanquished

Notes
Turn   | Place    | Note
-------+----------+-------------------------------------------
     0 | D:1      | winWinterter the Demonspawn Berserker began the quest for the Orb.
     0 | D:1      | Reached XP level 1. HP: 18/18 MP: 1/1
    35 | D:1      | Reached skill level 3 in Axes
    35 | D:1      | Gained mutation: You sometimes gain a little power by taking damage. [demonic ancestry]
    35 | D:1      | Reached XP level 2. HP: 2/24 MP: 2/2
   725 | D:1      | Gained mutation: Your movements are slightly less encumbered by armour. (ER -2) [demonic ancestry]
   725 | D:1      | Reached XP level 3. HP: 19/29 MP: 3/3
   989 | D:1      | Reached ** piety under Trog
  1567 | D:2      | Noticed Robin
  1761 | D:2      | Killed Robin
  1761 | D:2      | Reached XP level 4. HP: 26/35 MP: 4/4
  2070 | D:2      | Reached skill level 4 in Axes
  2587 | D:3      | Reached *** piety under Trog
  2690 | D:3      | Noticed Graouh's ghost (amateur MiFi)
  2700 | D:3      | Killed Graouh's ghost
  2700 | D:3      | Reached skill level 1 in Stealth
  2700 | D:3      | Reached XP level 5. HP: 41/41 MP: 5/5
  3067 | D:3      | Reached skill level 5 in Axes
  3080 | D:3      | Found a glowing drain.
  3100 | Sewer    | Entered a sewer
  3286 | Sewer    | Reached XP level 6. HP: 24/47 MP: 6/6
  3722 | Sewer    | Reached **** piety under Trog
  3985 | D:3      | Received a gift from Trog
  4398 | D:4      | Noticed Doomer's ghost (amateur NaAE)
  4408 | D:4      | Killed Doomer's ghost
  4408 | D:4      | Reached skill level 6 in Axes
  4408 | D:4      | Reached XP level 7. HP: 53/53 MP: 7/7
  4544 | D:4      | Noticed Sigmund
  4563 | D:4      | Killed Sigmund
  4743 | D:4      | Reached skill level 7 in Axes
  4751 | D:4      | Noticed Natasha
  4759 | D:4      | Found a burning altar of Makhleb.
  4930 | D:4      | Killed Natasha
  4995 | D:4      | Noticed Natasha
  5008 | D:4      | Killed Natasha
  5215 | D:4      | Noticed Natasha
  5252 | D:4      | Killed Natasha
  5252 | D:4      | Reached XP level 8. HP: 61/61 MP: 8/8
  5533 | D:5      | Entered Level 5 of the Dungeon
  6205 | D:5      | Found an ornate altar of the Wu Jian Council.
  6217 | D:5      | Found a stormy altar of Qazlal.
  6221 | D:5      | Found a bloodstained altar of Trog.
  6324 | D:5      | Reached skill level 5 in Fighting
  6625 | D:6      | Reached skill level 8 in Axes
  6723 | D:6      | Reached ***** piety under Trog
  6871 | D:6      | Noticed Eustachio
  6873 | D:6      | Noticed Prince Ribbit
  6884 | D:6      | Killed Prince Ribbit
  6894 | D:6      | Killed Eustachio
  6894 | D:6      | Gained mutation: You sometimes gain power by taking damage. [demonic ancestry]
  6894 | D:6      | Reached XP level 9. HP: 68/68 MP: 9/9
  7137 | D:6      | Found a runed door.
  7236 | D:6      | Reached skill level 9 in Axes
  7243 | D:6      | Noticed Menkaure
  7253 | D:6      | Killed Menkaure
  7256 | D:6      | Found a staircase to the Ecumenical Temple.
  7271 | Temple   | Entered the Ecumenical Temple
  7589 | D:6      | Noticed Crazy Yiuf
  7594 | D:6      | Killed Crazy Yiuf
  7946 | D:7      | Found Wyovoor's Jewellery Shop.
  8493 | D:7      | Reached skill level 10 in Axes
  8493 | D:7      | Reached skill level 5 in Armour
  8647 | D:8      | Found a white marble altar of Elyvilon.
  8716 | D:8      | Noticed Psyche
  8727 | D:8      | Killed Psyche
  8904 | D:8      | Noticed Joseph
  8909 | D:8      | Killed Joseph
  8909 | D:8      | Reached XP level 10. HP: 64/77 MP: 10/10
  9283 | D:8      | Found a glowing golden altar of the Shining One.
  9367 | D:8      | Found a radiant altar of Vehumet.
  9368 | D:8      | Found an opulent altar of Gozag.
  9912 | D:9      | Received a gift from Trog
  9997 | D:9      | Reached skill level 11 in Axes
 10308 | D:9      | Noticed a death yak
 10332 | D:9      | Killed a death yak
 10736 | D:10     | Entered Level 10 of the Dungeon
 10756 | D:10     | Found a staircase to the Lair.
 10883 | D:10     | Gained mutation: You have a pair of small horns on your head. [demonic ancestry]
 10883 | D:10     | Reached XP level 11. HP: 86/86 MP: 11/11
 11217 | D:10     | Reached skill level 12 in Axes
 11594 | Lair:1   | Entered Level 1 of the Lair of Beasts
 12120 | Lair:1   | Reached skill level 5 in Dodging
 12125 | Lair:1   | Found a hazy altar of Hepliaklqana.
 12366 | Lair:1   | Reached ****** piety under Trog
 12683 | Lair:1   | Noticed a five-headed hydra
 12704 | Lair:2   | Got a bloodstained ring mail
 12716 | Lair:2   | Identified the +0 ring mail "Emnel" {-Tele rPois Regen+ rCorr} (You found it on level 2 of the Lair of Beasts)
 13005 | Lair:1   | Gained mutation: You are clumsy. (Dex -2) [potion of mutation]
 13005 | Lair:1   | Gained mutation: You occasionally shout uncontrollably at your foes. [potion of mutation]
 13005 | Lair:1   | Gained mutation: You have sharp toenails. [potion of mutation]
 13096 | Lair:1   | Killed a five-headed hydra
 13185 | Lair:2   | Reached skill level 13 in Axes
 13647 | D:9      | Got a shimmering whip
 13648 | D:9      | Identified the +7 whip "Tigipah" {antimagic, +Inv rC+ MR+++ Int-5} (You found it on level 9 of the Dungeon)
 13694 | Lair:1   | Upgraded the game from 0.20-a0-923-g548304e to 0.20-a0-939-g04f5055
 14418 | Lair:3   | Received a gift from Trog
 14418 | Lair:3   | Reached skill level 1 in Evocations
 14418 | Lair:3   | Reached XP level 12. HP: 96/96 MP: 4/12
 14461 | Lair:3   | Reached skill level 1 in Maces & Flails
 15161 | Lair:3   | Lost mutation: You occasionally shout uncontrollably at your foes. [potion of mutation]
 15161 | Lair:3   | Lost mutation: You have sharp toenails. [potion of mutation]
 15161 | Lair:3   | Lost mutation: You are clumsy. (Dex -2) [potion of mutation]
 15161 | Lair:3   | Gained mutation: You have large cloven feet. [potion of mutation]
 15161 | Lair:3   | Gained mutation: You are frail. (-10% HP) [potion of mutation]
 15161 | Lair:3   | Gained mutation: You have hoof-like feet. [potion of mutation]
 15221 | Lair:3   | Reached skill level 10 in Fighting
 15529 | Lair:4   | Noticed a four-headed hydra
 15564 | Lair:4   | Killed a four-headed hydra
 15719 | Lair:4   | Reached skill level 14 in Axes
 15728 | Lair:4   | Identified the Almanac of Supportive Earth
 15740 | Lair:4   | Found a staircase to the Snake Pit.
 15765 | Lair:4   | Found a snail-covered altar of Cheibriados.
 16029 | Lair:4   | Noticed herpmino's ghost (journeyman FoFi)
 16046 | Lair:4   | Killed herpmino's ghost
 16046 | Lair:4   | Gained mutation: You are slightly more attuned to the shadows. [demonic ancestry]
 16046 | Lair:4   | Reached XP level 13. HP: 93/93 MP: 4/13
 16181 | Lair:4   | Found a staircase to the Shoals.
 16322 | Lair:4   | Identified a scroll of acquirement
 17233 | Lair:5   | Found a staircase to the Slime Pits.
 17677 | Lair:5   | Reached skill level 15 in Axes
 17719 | Lair:5   | Upgraded the game from 0.20-a0-939-g04f5055 to 0.20-a0-941-gba1b1f9
 17720 | Lair:6   | Entered Level 6 of the Lair of Beasts
 17969 | Lair:6   | Noticed Nessos
 17974 | Lair:6   | Received a gift from Trog
 17985 | Lair:6   | Killed Nessos
 18628 | Lair:6   | Reached skill level 16 in Axes
 18631 | Lair:6   | Gained mutation: Your movements are less encumbered by armour. (ER -4) [demonic ancestry]
 18631 | Lair:6   | Reached XP level 14. HP: 90/102 MP: 15/15
 19182 | D:11     | Noticed Erica
 19187 | D:11     | Killed Erica
 19749 | D:11     | Received a gift from Trog
 20432 | D:12     | Noticed Rupert
 20445 | D:12     | Killed Rupert
 20445 | D:12     | Reached skill level 17 in Axes
 20462 | D:12     | Found a staircase to the Orcish Mines.
 20965 | D:13     | Found a gate to the Vaults.
 21089 | D:13     | Gained mutation: You have a pair of horns on your head. [mutagenic meat]
 21210 | D:13     | Received a gift from Trog
 21828 | D:13     | Lost mutation: You have hoof-like feet. [potion of mutation]
 21828 | D:13     | Lost mutation: You are frail. (-10% HP) [potion of mutation]
 21828 | D:13     | Lost mutation: You have large cloven feet. [potion of mutation]
 21828 | D:13     | Lost mutation: You have a pair of horns on your head. [potion of mutation]
 21828 | D:13     | Gained mutation: You have a pair of horns on your head. [potion of mutation]
 21828 | D:13     | Gained mutation: You have large cloven feet. [potion of mutation]
 21828 | D:13     | Gained mutation: You are agile. (Dex +2) [potion of mutation]
 21843 | Orc:1    | Entered Level 1 of the Orcish Mines
 22048 | Orc:1    | Reached skill level 18 in Axes
 22098 | Orc:2    | Entered Level 2 of the Orcish Mines
 22100 | Orc:2    | Found a staircase to the Elven Halls.
 22106 | Orc:2    | Found Gagap's Jewellery Emporium.
 22117 | Orc:2    | Found Imiyrip's Assorted Antiques.
 22119 | Orc:2    | Found a bloodstained altar of Trog.
 22142 | Orc:2    | Found a labyrinth entrance.
 22149 | Lab      | Entered a labyrinth
 22214 | Lab      | Received a gift from Trog
 22552 | Lab      | Gained mutation: You are significantly more attuned to the shadows. [demonic ancestry]
 22552 | Lab      | Reached XP level 15. HP: 122/122 MP: 16/16
 22657 | Orc:2    | Found Butux's Antique Armour Shoppe.
 22782 | Orc:2    | Noticed Malvoorn's ghost (journeyman GrFi)
 22792 | Orc:2    | Killed Malvoorn's ghost
 23031 | Orc:2    | Noticed an orc warlord
 23042 | Orc:2    | Killed an orc warlord
 23097 | Orc:2    | Found Sizevyi's Weapon Boutique.
 23244 | Orc:2    | Paralysed by an orc sorcerer for 2 turns
 23500 | Orc:2    | Found Egoirhir's Armour Boutique.
 23518 | Orc:2    | Found Gemej's Armour Emporium.
 23518 | Orc:2    | Found Nar Heu's Armour Emporium.
 23538 | Orc:2    | Found Vowayguibu's Distillery.
 23579 | Orc:2    | Bought a +0 pair of boots for 58 gold pieces
 23617 | Orc:2    | Bought the cursed +1 plate armour "Alonihoxt" {*Corrode rC++ Str+3} for 652 gold pieces
 23652 | Orc:2    | Bought a runed cloak for 195 gold pieces
 24130 | D:14     | Noticed herpmino's ghost (novice FoFi)
 24135 | D:14     | Killed herpmino's ghost
 24465 | D:14     | Noticed Urug
 24481 | D:14     | Killed Urug
 24481 | D:14     | Reached skill level 19 in Axes
 25224 | D:15     | Entered Level 15 of the Dungeon
 25251 | D:15     | Received a gift from Trog
 25367 | D:15     | Reached skill level 1 in Throwing
 25683 | D:15     | Found a staircase to the Depths.
 26756 | D:7      | Bought a +6 amulet of reflection for 877 gold pieces
 26958 | Shoals:1 | Entered Level 1 of the Shoals
 26993 | Shoals:1 | Gained mutation: Your movements are significantly less encumbered by armour. (ER -6) [demonic ancestry]
 26993 | Shoals:1 | Reached XP level 16. HP: 31/131 MP: 17/17
 27573 | Shoals:1 | Received a gift from Trog
 28492 | Shoals:2 | Slain by a manticore

Vault maps used:
D:1:      minmay_arrival_arboretum_large, kennysheep_pointless_box
D:2:      uniq_robin
D:3:      lemuel_upstairs_altar, portal_sewer_entry_d
D:4:      kennysheep_mini, first_bread, serial_forest,
          infiniplex_forest_zigzag_1, infiniplex_forest_clump_diagonal,
          infiniplex_forest_clump_small, infiniplex_forest_fountain,
          infiniplex_forest_straight_2, infiniplex_forest_side_room,
          infiniplex_forest_clump_small, infiniplex_forest_3_way,
          infiniplex_forest_lined_2, minmay_box_of_dots, uniq_sigmund,
          uniq_natasha
D:5:      minmay_overflow_temple_star_quad
D:6:      temple_hall, uniq_eustachio, uniq_crazy_yiuf_cottage,
          uniq_prince_ribbit1, uniq_menkaure
D:7:      serial_shops, nicolae_shop_stone
D:8:      gammafunk_temple_overflow_pools, lemuel_round_altar,
          nicolae_overflow_hidden_temple, blue_anna_alchemist,
          grunt_ministairs_12, uniq_joseph, uniq_psyche
D:9:      serial_ice, serial_ice_k, serial_ice_n, serial_ice_f, serial_ice_c,
          serial_ice_a, serial_ice_m, serial_ice_g, serial_ice_d
D:10:     lair_entry_dummy
D:11:     hangedman_incinerator, uniq_erica
D:12:     orc_0_dummy, serial_glass, glass_columns_a, glass_columns_a,
          glass_columns_a, glass_columns_a, uniq_rupert
D:13:     minmay_bloctagon_deflated, david_vaults_1
D:14:     kennysheep_cross_landing, uniq_urug
D:15:     gammafunk_depths_entry_grave, minmay_misc_feat_cross
Temple:   minmay_temple_curvy_branch
Lair:1:   basic_altar, st_stairs_11, serial_bayou_pond_a, grunt_megastairs_1,
          serial_bayou_shore_b, serial_bayou_shore_b
Lair:2:   st_stairs_12, serial_bayou_lagoon_b, serial_bayou_shore_b
Lair:3:   kennysheep_abandoned_house
Lair:4:   elwin_shoals_entry_stream, minmay_snake_entry_six_corridors,
          basic_altar
Lair:5:   minmay_slime_entry_oklob_open, beast_lair_carwin_9,
          lemuel_fruit_fields
Lair:6:   evilmike_catoblepas_cave, infiniplex_staircase_pool, uniq_nessos
Orc:2:    st_orc_elflike, serial_shops, nicolae_shop_overgrown_old_shop,
          nicolae_shop_waterfront, shop_fountains, shop_fountains, basic_altar,
          lab_entry_generic
Lab:      nicolae_lab_t_cross, labyrinth_glass_2, nicolae_lab_x,
          nicolae_lab_statue, lab_hedge, nicolae_lab_blocks,
          nicolae_lab_big_swirl, labyrinth_glass_1, labyrinth_skeletal_remains
Sewer:    sewer_frog_island_02

Skill      XL: |  1  2  3  4  5  6  7  8  9 10 11 12 13 14 15 16 |
---------------+-------------------------------------------------+-----
Axes           | 3 4 5 6 7 8 10 11 13 14 16 18 19 | 19.9
Armour         | 2 3 4 5 6 7 8 9 |  9.2
Dodging        | 2 3 4 5 6 |  6.9
Stealth        | 1 |  1.3
Fighting       | 4 5 6 8 9 10 11 12 13 | 13.2
Evocations     | 1 |  1.5
Maces & Flails | 1 |  1.0
Throwing       | 2 3 |  3.6

Action                   |  1- 3 |  4- 6 |  7- 9 | 10-12 | 13-15 | 16-18 || total
-------------------------+-------+-------+-------+-------+-------+-------++-------
Melee: Hand axe          |   106 |   336 |   467 |   968 |    75 |       ||  1952
       Headbutt          |       |       |       |   172 |   331 |    25 ||   528
       Kick              |       |       |       |   184 |   316 |       ||   500
       Whip              |       |       |       |    60 |    55 |       ||   115
       Battleaxe         |       |       |       |       |   797 |    73 ||   870
Throw: Tomahawk          |       |       |       |       |     2 |     7 ||     9
Invok: Berserk           |     2 |     2 |    10 |    11 |    21 |       ||    46
       Trog's Hand       |       |     1 |     1 |     3 |       |       ||     5
       Brothers in Arms  |       |       |     1 |     4 |    12 |     2 ||    19
       Burn Spellbooks   |       |       |       |       |     3 |     1 ||     4
Evoke: Wand              |       |       |       |     7 |     5 |     4 ||    16
  Use: Scroll            |       |    11 |     4 |     7 |    15 |       ||    37
       Potion            |       |       |     8 |     5 |     7 |     1 ||    21
 Stab: Sleeping          |       |       |       |       |    12 |       ||    12
       Petrified         |       |       |       |       |     3 |       ||     3
       Distracted        |       |       |       |       |     4 |       ||     4
  Eat: Chunk             |     4 |     8 |    16 |    28 |    27 |     3 ||    86
       Royal jelly       |       |     1 |     2 |       |     7 |       ||    10
       Meat ration       |       |     1 |       |       |     1 |       ||     2
       Fruit             |       |       |     1 |    11 |    21 |       ||    33
Armor: Animal skin       |     8 |       |       |       |       |       ||     8
       Ring mail         |    26 |   138 |    46 |   108 |   110 |       ||   428
       Scale mail        |       |       |   106 |   199 |       |       ||   305
       Skin              |       |       |       |     8 |       |       ||     8
       Plate armour      |       |       |       |       |    81 |    23 ||   104
Dodge: Dodged            |    61 |   264 |   212 |   501 |   602 |    66 ||  1706
Block: Other             |       |       |       |       |     5 |    25 ||    30
       Reflection        |       |       |       |       |       |     9 ||     9
       Rpst.: Battleaxe  |       |       |       |       |   126 |    11 ||   137
       Hand axe          |       |       |       |       |    14 |       ||    14
       Whip              |       |       |       |       |     6 |       ||     6
